 Dungeon Crawl Stone Soup version 0.30.0-16-gbe6223bb7e (webtiles) character file.

Game seed: 4116784541711172743

5093 Cheops the Bludgeoner (level 10, -2/79 HPs)
             Began as a Minotaur Fighter on May 21, 2023.
             Was a Priest of Ru.
             Slain by a troll (6 damage)
             ... on level 9 of the Dungeon.
             The game lasted 00:24:47 (9325 turns).

Cheops the Bludgeoner (Minotaur Fighter)            Turns: 9325, Time: 00:24:48

Health: -2/79      AC: 17    Str: 26    XL:     10   Next: 32%
Magic:  9/9        EV:  8    Int:  5    God:    Ru [***...]
Gold:   261        SH:  4    Dex:  9    Spells: 9/9 levels left

rFire   . . .        a - +2 flail (protect)
rCold   . . .        c - +0 buckler
rNeg    + . .        n - +0 storm dragon scales
rPois   +            (helmet restricted)
rElec   +            (no cloak)
rCorr   .            r - +0 pair of gloves
SInv    .            A - +1 pair of boots {rampage}
Will    +++..        E - amulet of the Four Winds {rN+ Will+++ Clar} Stlth
                     g - ring of poison resistance
HPRegen 0.33/turn    (no ring)
MPRegen 0.11/turn

%: clarity, rampage
@: corroded, under a protective aura
A: horns 2, inability to use devices, missing an eye, retaliatory headbutt
a: Renounce Religion, Draw Out Power


You were on level 9 of the Dungeon.
You worshipped Ru.
Ru was most pleased with you.
You visited 2 branches of the dungeon, and saw 10 of its levels.
You also visited: Bailey.

You collected 633 gold pieces.
You spent 372 gold pieces at shops.

Inventory:

Hand Weapons
 a - a +2 flail of protection (weapon)
 b - a +2 whip of venom
 m - a +3 dagger of flaming
 H - a +3 war axe
Missiles
 q - 4 throwing nets (quivered)
Armour
 c - a +0 buckler (worn)
 d - a +4 ring mail
 n - +0 storm dragon scales (worn)
 o - a +1 chain mail of cold resistance
 r - a +0 pair of gloves (worn)
 A - a +1 pair of boots of rampaging (worn)
Jewellery
 g - a ring of poison resistance (left hand)
 D - an amulet of reflection
 E - the amulet of the Four Winds (around neck) {rN+ Will+++ Clar}
   (You took it off a gnoll bouda in a bailey)

   [amulet of nothing]

   rN:        It protects you from negative energy.
   Clar:      It protects you from confusion, rage, mesmerisation and fear.
   Will:      It greatly increases your willpower.
Scrolls
 f - 2 scrolls of poison
 i - a scroll of fear
 j - 4 scrolls of teleportation
 l - 2 scrolls of blinking
 w - a scroll of acquirement {unknown}
 y - a scroll of torment {unknown}
 z - a scroll of enchant armour {unknown}
 B - a scroll of immolation
 F - a scroll of fog
 I - a scroll of magic mapping {unknown}
Potions
 e - a potion of magic {unknown}
 h - a potion of resistance {unknown}
 k - 3 potions of mutation
 p - a potion of might
 s - a potion of lignification {unknown}
 t - 2 potions of attraction {unknown}
 u - a potion of cancellation {unknown}
 v - 3 potions of heal wounds
 x - a potion of ambrosia {unknown}
 C - a potion of haste
 G - a potion of invisibility


   Skills:
 - Level 4.2 Fighting
 + Level 15.3 Maces & Flails
 - Level 10.0 Armour
 - Level 4.2 Shields


You had 9 spell levels left.
You didn't know any spells.
Your spell library contained the following spells:

 Spells                   Type           Power      Damage    Failure   Level
 Freeze                   Ice            0%         1d3       96%         1
 Frozen Ramparts          Ice            0%         1d1       100%        3
 Hailstorm                Conj/Ice       0%         3d3       100%        3


Dungeon Overview and Level Annotations

Branches:
Dungeon (9/15)             Temple (1/1) D:6          Bailey (visited)
   Lair: D:8-11         Orc: D:9-12

Altars:
Ashenzari
Cheibriados
Dithmenos
Elyvilon
Fedhas
Gozag
Hepliaklqana
Kikubaaqudgha
Makhleb
Nemelex Xobeh
Okawaru
Qazlal
Ru
Sif Muna
Trog
Uskayaw
Vehumet
Wu Jian
Xom
Yredelemnul
Zin
The Shining One

Shops:
D:2 [   D:8 !

Annotations:
D:3 1 runed translucent door


Innate Abilities, Weirdness & Mutations

You have a pair of horns on your head.
You cannot study or use magical devices.
You are missing an eye, making it more difficult to aim.
You reflexively headbutt those who attack you in melee.


Message History

The troll barely misses you. The troll claws you.
* * * LOW HITPOINT WARNING * * *
You hit the troll but do no damage. Your headbutt misses the troll.
The troll is moderately wounded.
The troll is stunned by your conviction and fails to attack.
You miss the troll.
The troll is lightly wounded.
You closely miss the troll.
The troll is lightly wounded.
The troll bites you but does no damage. You block the troll's attack.
The troll barely misses you.
You closely miss the troll.
The troll is lightly wounded.
The troll bites you but does no damage. The troll claws you but does no damage.
The troll barely misses you.
You hit the troll but do no damage. Your headbutt misses the troll.
The troll is lightly wounded.
You miss the troll. Your headbutt misses the troll.
The troll is lightly wounded.
The troll bites you.
* * * LOW HITPOINT WARNING * * *
The troll claws you.
* * * LOW HITPOINT WARNING * * *
The troll barely misses you.
You hit the troll but do no damage. Your headbutt misses the troll.
The troll is lightly wounded.
The troll bites you but does no damage. The troll claws you.
* * * LOW HITPOINT WARNING * * *
The troll barely misses you.
You hit the troll. Your headbutt misses the troll.
The troll is lightly wounded.
The troll bites you but does no damage. The troll claws you.
* * * LOW HITPOINT WARNING * * *
The troll closely misses you.
You closely miss the troll.
The troll is lightly wounded.
You barely miss the troll.
The troll is lightly wounded.
The troll bites you.
You die...

.'.^.......+..............
.#.........##.#...########
###.......###.##.## #
##.....## #.#### ##
##...## #....# .# ##'##
#.# ## #.# #.# # #.# #T#
######.###### #@#
............# #.#
.###.....##.# #.# .#
#....###.# #.# .# #.#.##
#.####.# .# #.#.# #......#
## #.#.# ######## #.#.#
#.#.#


You could see a troll.

Vanquished Creatures
  A hornet (D:6)
  6 yaks (D:8)
  Eustachio (D:4)
  A steam dragon (D:6)
  An acid dragon (D:9)
  A water moccasin (D:4)
  2 orc warriors
  3 ice beasts
  An ogre (D:4)
  A black bear (D:5)
  4 wolves (Bailey)
  A centaur (D:7)
  2 phantoms
  A kobold brigand (D:8)
  4 bullfrogs
  7 gnoll sergeants (Bailey)
  A scorpion (D:4)
  12 wights
  4 hounds
  4 jellies
  6 gnoll boudas (Bailey)
  3 orc priests
  2 iguanas (D:5)
  Terence (D:2)
  2 orc wizards
  Natasha (thrice) (D:2)
  13 gnolls
  4 adders
  2 shadow imps
  A white imp (D:7)
  2 worms
  5 dart slugs
  19 orcs
  9 endoplasms
  4 giant cockroaches
  9 goblins
  7 hobgoblins
  3 jackals (D:5)
  4 quokkas
  6 ball pythons
  6 bats
  A frilled lizard (D:2)
  8 kobolds
  7 rats
185 creatures vanquished.

Notes
Turn   | Place    | Note
-------+----------+-------------------------------------------
     0 | D:1      | Cheops the Minotaur Fighter began the quest for the Orb.
     0 | D:1      | Reached XP level 1. HP: 19/19 MP: 0/0
    31 | D:1      | Reached XP level 2. HP: 17/27 MP: 1/1
   174 | D:1      | Reached skill level 3 in Maces & Flails
   211 | D:1      | Reached XP level 3. HP: 33/33 MP: 2/2
   687 | D:2      | Noticed Terence
   698 | D:2      | Killed Terence
   699 | D:2      | Reached XP level 4. HP: 20/40 MP: 3/3
   784 | D:2      | Reached skill level 4 in Maces & Flails
   964 | D:2      | Noticed Natasha
   967 | D:2      | Killed Natasha
  1032 | D:2      | Noticed Natasha
  1036 | D:2      | Killed Natasha
  1037 | D:2      | Reached skill level 5 in Maces & Flails
  1043 | D:2      | Found Moluwiha's Armour Shop.
  1251 | D:2      | Noticed Natasha
  1262 | D:2      | Killed Natasha
  1263 | D:2      | Reached XP level 5. HP: 25/46 MP: 4/4
  2244 | D:3      | Found a runed translucent door.
  2244 | D:3      | Noticed a human
  2245 | D:3      | Found a basalt altar of Yredelemnul.
  2508 | D:4      | Reached skill level 6 in Maces & Flails
  2695 | D:4      | Reached XP level 6. HP: 52/52 MP: 5/5
  2786 | D:4      | Reached skill level 7 in Maces & Flails
  2974 | D:4      | Noticed Eustachio
  3011 | D:4      | Killed Eustachio
  3012 | D:4      | Reached skill level 8 in Maces & Flails
  3284 | D:4      | Noticed a water moccasin
  3297 | D:4      | Killed a water moccasin
  3298 | D:4      | Reached XP level 7. HP: 19/59 MP: 6/6
  3633 | D:5      | Entered Level 5 of the Dungeon
  3663 | D:5      | Reached skill level 9 in Maces & Flails
  3727 | D:5      | Found a sparkling altar of Nemelex Xobeh.
  3728 | D:5      | Found an iron altar of Okawaru.
  3734 | D:5      | Found a snail-covered altar of Cheibriados.
  3734 | D:5      | Found an ancient bone altar of Kikubaaqudgha.
  3735 | D:5      | Found a sacrificial altar of Ru.
  3737 | D:5      | Found a shimmering altar of Xom.
  3738 | D:5      | Found a stormy altar of Qazlal.
  3739 | D:5      | Found a broken altar of Ashenzari.
  3962 | D:5      | Became a worshipper of Ru the Awakened
  4134 | D:5      | Reached skill level 10 in Maces & Flails
  4940 | D:6      | Reached XP level 8. HP: 58/66 MP: 7/7
  4946 | D:6      | Reached skill level 11 in Maces & Flails
  5119 | D:6      | Noticed a hornet
  5132 | D:6      | Killed a hornet
  5133 | D:6      | Reached skill level 12 in Maces & Flails
  5217 | D:6      | Reached skill level 13 in Maces & Flails
  5438 | D:6      | Gained mutation: You are missing an eye, making it more
                  | difficult to aim. [Ru sacrifice]
  5438 | D:6      | Reached * piety under Ru
  5600 | D:6      | Found a staircase to the Ecumenical Temple.
  5860 | D:7      | Reached XP level 9. HP: 48/69 MP: 8/8
  5987 | D:7      | Reached skill level 14 in Maces & Flails
  6161 | D:7      | Reached skill level 5 in Armour
  6374 | D:7      | Found a flagged portal.
  6388 | Bailey   | Entered a bailey
  7194 | Bailey   | HP: 3/71 [gnoll bouda/+0 halberd (6)]
  7200 | Bailey   | HP: 1/71 [gnoll bouda/+0 halberd (3)]
  8055 | Temple   | Entered the Ecumenical Temple
  8353 | D:8      | Reached skill level 10 in Armour
  8357 | D:8      | Reached XP level 10. HP: 50/79 MP: 9/9
  8662 | D:8      | Found Luonavin's Distillery.
  8669 | D:8      | Bought a potion of heal wounds for 60 gold pieces
  8669 | D:8      | Bought a potion of haste for 120 gold pieces
  8669 | D:8      | Bought a potion of invisibility for 96 gold pieces
  8669 | D:8      | Bought a potion of mutation for 96 gold pieces
  8824 | D:8      | Reached skill level 15 in Maces & Flails
  8918 | D:8      | Gained mutation: You cannot study or use magical devices.
                  | [Ru sacrifice]
  8918 | D:8      | Reached ** piety under Ru
  8918 | D:8      | Reached *** piety under Ru
  9039 | D:8      | Found a bloodstained altar of Trog.
  9325 | D:9      | Slain by a troll

Illustrated notes

Levels and vault maps discovered:
D:1:      erik_arrival_orb_chamber, layout_rooms, roderic_roman_lattice,
          minmay_misc_feat_enclosed, st_stairs_5, minmay_misc_feat_room
D:2:      layout_loops_cross, serial_shops, shop, supply_closet_lemuel,
          uniq_terence, uniq_natasha
D:3:      layout_basic, dk_yredelemnul_ordeal
D:4:      layout_basic, amethyst_killhole, uniq_eustachio
D:5:      layout_cave_pods, minitemple
D:6:      layout_basic, temple_hall
D:7:      layout_gridville, enter_bailey_3
D:8:      layout_basic, bloody_trog, serial_shops, shop
D:9:      layout_loops_corners
Temple:   nicolae_temple_x_marks_the_god

Skill      XL: |  1  2  3  4  5  6  7  8  9 10 |
---------------+-------------------------------+-----
Fighting       | 4 |  4.2
Maces & Flails | 3 5 6 8 10 13 14 15 | 15.3
Armour         | 4 10 | 10.0
Shields        | 4 |  4.2

Action                     |  1- 3 |  4- 6 |  7- 9 | 10-12 || total
---------------------------+-------+-------+-------+-------++-------
  Melee: Flail             |    62 |    76 |   496 |   121 ||   755
         Headbutt          |    10 |    19 |    60 |    10 ||    99
         Whip              |       |    48 |       |       ||    48
 Invoke: Sacrifice an Eye  |       |       |     1 |       ||     1
         Sacrifice Artific |       |       |       |     1 ||     1
    Use: Potion            |     1 |       |     1 |       ||     2
         Scroll            |       |       |    11 |     1 ||    12
 Armour: Scale mail        |    26 |       |       |       ||    26
         Storm dragon scal |       |    62 |   201 |    59 ||   322
  Dodge: Dodged            |    29 |    41 |   161 |    32 ||   263
  Block: Buckler           |    17 |    22 |    91 |     6 ||   136
